Map: Station Proxima EC

Players

zidar - Winner!

  • Race: Zerg Zerg
  • League: Gold
  • Spawn Location: 1:00

Barbie

  • Race: Protoss Protoss
  • League: Platinum
  • Spawn Location: 7:00

VOD

Have the link to the VOD?

Description

Time

  • Played on: July 7, 2017, 2:40 p.m.
  • Length: 12:09
Show
View Real Time Build Order
Export as new Build Order

zidar Zerg - Winner!

Build Orders: Pool First 

Get SALT Encoding   

  12  0:01  Drone  
  13  0:13  Overlord  
  13  0:17  Drone  
  14  0:31  Drone x2  
  16  0:38  Drone  
  17  0:49  Spawning Pool  
  16  0:50  Drone  
  17  1:16  Hatchery  
  16  1:21  Drone  
  16  1:24  Extractor  
  16  1:28  Drone  
  17  1:40  Drone  
  17  1:41  Overlord  
  18  1:58  Drone  
  18  2:01  Queen  
  19  2:06  Zergling x4  
  22  2:16  Drone  
  23  2:24  Metabolic Boost  
  23  2:28  Drone  
  24  2:35  Queen  
  26  3:01  Drone x5  
  26  3:02  Overlord  
  31  3:11  Roach Warren  
  29  3:28  Zergling x4  
  29  3:29  Zergling x4  
  29  3:30  Zergling x2  
  34  3:40  Overlord  
  34  3:41  Overlord  
  34  3:44  Zergling x2  
  34  3:45  Zergling x4  
  37  3:58  Roach x4  
  37  4:17  Roach x5  
  44  4:32  Queen  
  44  4:35  Drone x3  
  49  4:56  Extractor  
  49  4:58  Hatchery  
  47  5:00  Drone x2  
  47  5:06  Drone x4  
  53  5:22  Lair  
  53  5:30  Drone x6  
  59  5:38  Overlord x2  
  59  5:40  Extractor  
  58  6:00  Evolution Chamber  
  57  6:08  Evolution Chamber  
  57  6:10  Queen  
  58  6:14  Drone x7  
  58  6:15  Drone x4  
  69  6:28  Extractor  
  68  6:34  Zerg Ground Armor Level 1  
  68  6:35  Zerg Missile Weapons Level 1  
  68  6:40  Roach x5  
  68  6:42  Zergling x2  
  68  6:44  Zergling x2  
  68  6:46  Ravager  
  81  6:49  Overlord  
  81  6:53  Overseer  
  81  7:09  Ravager  
  71  7:46  Hydralisk Den  
  71  7:47  Drone x2  
  71  7:48  Drone  
  73  7:58  Drone x11  
  80  7:59  Drone  
  80  8:02  Overlord  
  80  8:03  Overlord x5  
  85  8:26  Ravager  
  86  8:31  Hydralisk x12  
  110  8:37  Muscular Augments  
  110  8:42  Extractor  
  110  8:45  Hatchery  
  108  8:49  Overlord  
  108  8:50  Overlord  
  108  8:53  Hydralisk x6  
  120  9:03  Zerg Missile Weapons Level 2  
  120  9:15  Extractor  
  120  9:16  Drone x5  
  124  9:36  Roach x7  
  138  9:44  Zerg Ground Armor Level 2  
  138  9:48  Glial Reconstitution  
  138  10:11  Drone  
  138  10:12  Drone x2  
  141  10:19  Drone  
  141  10:20  Drone x3  
  145  10:23  Drone x2  
  121  10:57  Hydralisk  
  121  10:58  Hydralisk x11  
  121  10:59  Hydralisk x3  
  151  11:32  Overlord x3  
  151  11:33  Overlord  
Show
View Real Time Build Order
Export as new Build Order

Barbie Protoss 

Build Orders: Mass Adepts 

Get SALT Encoding   

  12  0:01  Probe (Chrono Boost)  
  13  0:20  Pylon  
  13  0:24  Probe (Chrono Boost)  
  14  0:34  Probe (Chrono Boost)  
  15  0:45  Probe (Chrono Boost)  
  15  0:46  Gateway  
  16  0:52  Assimilator  
  16  0:55  Probe (Chrono Boost)  
  17  0:59  Assimilator  
  17  1:06  Probe (Chrono Boost), Pylon  
  18  1:17  Gateway  
  18  1:23  Probe (Chrono Boost)  
  19  1:34  Cybernetics Core  
  19  1:37  Probe (Chrono Boost)  
  20  1:47  Probe (Chrono Boost)  
  21  1:56  Gateway  
  21  1:58  Probe (Chrono Boost)  
  22  2:15  Pylon  
  22  2:17  Mothership Core (Chrono Boost)  
  24  2:25  Adept  
  24  2:26  Adept  
  28  2:34  Forge  
  28  2:46  Adept  
  30  2:52  Adept  
  30  2:53  Adept  
  34  3:09  Robotics Facility  
  34  3:41  Adept x2  
  38  3:53  Pylon  
  38  4:02  Photon Cannon  
  38  4:11  Adept  
  40  4:18  Adept x2  
  40  4:21  Immortal  
  38  4:39  Stargate  
  38  4:42  Protoss Shields Level 1 (Chrono Boost)  
  38  4:56  Twilight Council  
  38  4:59  Probe  
  39  5:02  Pylon  
  39  5:09  Adept  
  41  5:20  Immortal  
  45  5:34  Resonating Glaives (Chrono Boost)  
  45  6:00  Void Ray  
  49  6:12  Nexus  
  50  6:32  Probe (Chrono Boost)  
  50  6:37  Adept  
  52  6:49  Pylon  
  52  6:55  Pylon  
  52  6:56  Adept  
  52  7:00  Probe (Chrono Boost)  
  55  7:07  Void Ray  
  59  7:09  Adept  
  35  7:38  Probe x2 (Chrono Boost)  
  35  7:39  Immortal  
  35  7:41  Adept x2  
  45  7:48  Probe (Chrono Boost)  
  45  7:49  Probe (Chrono Boost)  
  47  7:53  Protoss Air Weapons Level 1  
  47  7:58  Protoss Ground Armor Level 1 (Chrono Boost)  
  47  8:02  Probe (Chrono Boost)  
  47  8:03  Probe (Chrono Boost)  
  49  8:14  Probe (Chrono Boost)  
  49  8:15  Probe (Chrono Boost)  
  51  8:20  Void Ray  
  51  8:24  Probe (Chrono Boost)  
  51  8:26  Probe (Chrono Boost)  
  57  8:35  Probe (Chrono Boost)  
  57  8:36  Probe (Chrono Boost)  
  59  8:42  Assimilator  
  59  8:44  Assimilator  
  59  8:46  Immortal  
  63  8:50  Probe (Chrono Boost)  
  63  8:51  Probe (Chrono Boost)  
  65  9:22  Nexus  
  65  9:25  Pylon  
  65  9:29  Pylon  
  65  9:33  Void Ray  
  69  9:38  Stargate  
  69  9:46  Adept  
  69  9:47  Adept  
  69  9:48  Adept  
  75  9:54  Protoss Ground Weapons Level 1 (Chrono Boost)  
  75  10:05  Photon Cannon  
  75  10:14  Robotics Bay  
  75  10:19  Pylon  
  75  10:26  Mothership Core  
  67  10:40  Void Ray  
  67  10:42  Adept x2  
  48  11:05  Immortal  
  48  11:07  Stalker  
Tags
 
Add a new tag
Caveats
  • Supply blocks, unpowered buildings, or Contaminate may cause inaccurate times.
  • Supply counts are checked every 10 seconds.